 Dungeon Crawl Stone Soup version 0.21.1-1-g345015f (webtiles) character file.

37 GreenArt the Skirmisher (level 3, 0/29 HPs)
             Began as a Demonspawn Chaos Knight on Apr 29, 2018.
             Succumbed to an adder's poison
             ... on level 2 of the Dungeon.
             The game lasted 00:07:31 (1192 turns).

GreenArt the Skirmisher (Demonspawn Chaos Knight)   Turns: 1192, Time: 00:07:32

Health: 0/29       AC:  5    Str: 12 (13) XL:     3   Next: 21%
Magic:  3/3        EV: 11    Int: 13      God:    Xom [.*....]
Gold:   66         SH:  0    Dex: 12      Spells: 2/2 levels left

rFire    . . .     SeeInvis .   a - +0 mace (chaos)
rCold    . . .     Gourm    .   (no shield)
rNeg     . . .     Faith    .   b - +2 leather armour
rPois    .         Spirit   .   (no helmet)
rElec    .         Reflect  .   (no cloak)
rCorr    .         Harm     .   (no gloves)
MR       .....                  (no boots)
Stlth    +.........             (no amulet)
HPRegen  0.09/turn              (no ring)
MPRegen  0.08/turn              (no ring)

@: lethally poisoned (0 -> -9), hasted, very quick
A: powered by pain 2
a: Renounce Religion


You were on level 2 of the Dungeon.
You worshipped Xom.
You were a plaything of Xom.
You were hungry.

You visited 1 branch of the dungeon, and saw 2 of its levels.

You collected 66 gold pieces.

Inventory:

Hand Weapons
 a - a +0 mace of chaos (weapon)
 e - a +0 hunting sling
 o - a +0 falchion
 v - a +1 mace of crushing
 x - a +0 hand axe
Missiles
 f - 71 stones (quivered)
 m - 49 arrows
 s - 4 large rocks
 u - 12 bolts
Armour
 b - a +2 leather armour (worn)
 k - a +0 robe
 r - a +0 ring mail
 w - a +0 shield
Wands
 j - a wand of polymorph (7)
Scrolls
 d - a scroll of remove curse {unknown}
 l - 3 scrolls of identify {unknown}
 n - a scroll of enchant weapon {unknown}
 p - 2 scrolls of random uselessness {unknown}
 q - a scroll of noise {unknown}
 t - a scroll of amnesia {unknown}
 B - a scroll of immolation {unknown}
Potions
 h - a potion of haste
Comestibles
 c - 3 rations
 i - 7 chunks of flesh


   Skills:
 + Level 3.4 Fighting
 + Level 3.3 Maces & Flails
 + Level 2.1 Armour
 + Level 1.0 Dodging


You had 2 spell levels left.
You didn't know any spells.

Dungeon Overview and Level Annotations

Branches:
Dungeon (2/15)

Altars:
Cheibriados
Trog


Innate Abilities, Weirdness & Mutations

You sometimes gain power by taking damage.


Message History

The adder hisses angrily.
You barely miss the adder.
You feel sick. The adder bites you.
* * * LOW HITPOINT WARNING * * *
You are more poisoned.
The adder poisons you!
You closely miss the adder. The adder bites you but does no damage.
The adder misses you.
You barely miss the adder.
You feel sick. The adder bites you but does no damage.
You barely miss the adder.
You feel sick. The adder bites you.
* * * LOW HITPOINT WARNING * * *
You are more poisoned.
The adder poisons you! The adder bites you but does no damage.
It was a potion of cancellation.
You feel magically purged. The adder bites you.
* * * LOW HITPOINT WARNING * * *
It was a potion of haste.
You feel yourself speed up.
Xom thinks this is hilarious!
You die...
Xom chuckles heartily!

..............#
!...............##
...............#
#.............##
#............##
#...##....... # #
#...###..#####.
....#.####.#..##....###.#
#......S@...#.##.##.....#
#.?....#..#......#######≈
..##.###.####.##.......≈≈
# #.# #.##.######≈≈ ..#
#.##.# #≈≈ .### #..#.#
#.≈ .. ##.#.# ##. #.
#...######.. #.
##..........


You could see an adder.

Vanquished Creatures
  An adder (D:2)
  2 dart slugs
  5 bats
  A goblin (D:2)
  2 hobgoblins (D:1)
  4 jackals (D:1)
  3 kobolds (D:1)
  A frilled lizard (D:2)
  4 rats
23 creatures vanquished.

Notes
Turn   | Place    | Note
-------+----------+-------------------------------------------
     0 | D:1      | GreenArt the Demonspawn Chaos Knight began the quest for the Orb.
     0 | D:1      | Reached XP level 1. HP: 18/18 MP: 1/1
    68 | D:1      | XOM: silly message
   120 | D:1      | XOM: god gift: wand of polymorph (7)
   208 | D:1      | XOM: god gift: scroll labeled NARGHU FUNON {god gift}
   393 | D:1      | Gained mutation: You sometimes gain a little power by taking damage. [demonic ancestry]
   393 | D:1      | Reached XP level 2. HP: 24/24 MP: 2/2
   745 | D:1      | XOM: summons 4 hostile shadow creatures
   932 | D:2      | Found a bloodstained altar of Trog.
   936 | D:2      | XOM: stat loss: -1 Str (11/12)
   971 | D:2      | Found a snail-covered altar of Cheibriados.
  1033 | D:2      | XOM: silly message
  1173 | D:2      | Reached skill level 1 in Dodging
  1173 | D:2      | Gained mutation: You sometimes gain power by taking damage. [demonic ancestry]
  1173 | D:2      | Reached XP level 3. HP: 14/29 MP: 3/3
  1191 | D:2      | HP: 1/29 [adder (1)]
  1192 | D:2      | Succumbed to an adder's poison

Skill      XL: |  1  2 |
---------------+-------+-----
Maces & Flails | 3 |  3.3
Armour         | 2 |  2.1
Dodging        | 1 |  1.0
Fighting       | |  3.4

Action                   || total
-------------------------++-------
Melee: Mace              ||    90
  Use: Potion            ||     2
Armor: Leather armour    ||    50
Dodge: Dodged            ||   101
